 Dungeon Crawl Stone Soup version 0.31.0-9-g3a7656b989 (webtiles) character file.

Game seed: 18243470536928931077

66 CaptainMV the Covered (level 3, -1/25 HPs)
             Began as a Demonspawn Wanderer on Jan 25, 2024.
             Slain by an orc wizard
             ... wielding a +0 dagger
              (3 damage)
             ... on level 3 of the Dungeon.
             The game lasted 00:09:42 (1271 turns).

CaptainMV the Covered (Demonspawn Wanderer)         Turns: 1271, Time: 00:09:42

Health: -1/25      AC:  4    Str: 10    XL:     3   Next: 96%
Magic:  1/4        EV: 10    Int: 12    God:
Gold:   124        SH:  0    Dex: 16    Spells: 3/4 levels left

rFire   . . .        a - +1 dagger
rCold   . . .        d - +2 buckler
rNeg    . . .        e - +0 leather armour
rPois   .            (no helmet)
rElec   .            (no cloak)
rCorr   .            (no gloves)
SInv    .            j - +0 pair of boots
Will    .....        i - amulet of reflection
Stlth   +            (no ring)
HPRegen 0.24/turn    (no ring)
MPRegen 0.09/turn

%: reflection
@: confused, on berserk cooldown, slowed, very slow
A: foul stench 1, spiny 1
a: no special abilities


You were on level 3 of the Dungeon.
You visited 1 branch of the dungeon, and saw 3 of its levels.

You collected 124 gold pieces.

Inventory:

Hand Weapons
 a - a +1 dagger (weapon)
 b - a +1 sling
 h - a +1 short sword of holy wrath
Armour
 d - a +2 buckler (worn)
 e - a +0 leather armour (worn)
 j - a +0 pair of boots (worn)
 l - a +0 scale mail
Jewellery
 g - a ring of positive energy
 i - an amulet of reflection (around neck)
Wands
 k - a wand of paralysis (9)
Scrolls
 n - a scroll of identify
Potions
 c - 3 potions of curing
 m - a potion of heal wounds {unknown}


   Skills:
 + Level 0.9 Fighting
 + Level 0.4 Short Blades
 + Level 5.2 Armour
 + Level 0.1 Dodging
 + Level 1.0 Stealth
 + Level 2.9 Shields
 + Level 1.0 Spellcasting
 + Level 0.4 Conjurations
 + Level 1.1 Alchemy


You had 3 spell levels left.
You knew the following spells:

 Your Spells              Type           Power      Damage    Failure   Level
a - Sting                 Conj/Alch      8%         1d3       38%         1

Your spell library contained the following spells:

 Spells                   Type           Power      Damage    Failure   Level
 Magic Dart               Conj           4%         1d3       45%         1
 Searing Ray              Conj           2%         2d4       58%         2
 Mephitic Cloud           Conj/Alch/Air  1%         N/A       80%         3
 Fulminant Prism          Conj/Alch      1%         3d5       99%         4


Dungeon Overview and Level Annotations

Branches:
Dungeon (3/15)

Altars:


Innate Abilities, Weirdness & Mutations

You may rarely emit foul miasma when damaged in melee.
You are partially covered in sharp spines.


Message History

Unknown command.
You closely miss the orc.
The orc is heavily wounded.
Something hits you but does no damage.
The orc enters a dispersal trap!
The orc blinks!
You blink.
You feel sick.
You feel a strong urge to attack something.
You feel sick.
Things that are here:
a +0 short sword of venom; a +0 leather armour The orc is struck by your spines.
The orc closely misses you.
You puncture the orc!
You kill the orc!
You are no longer berserk.
You are exhausted.
You feel yourself slow down.
You feel sick. The orc hits you with a +0 club.
You emit a cloud of foul miasma!
You hit the orc but do no damage.
The orc is moderately wounded.
You feel sick.
You are no longer poisoned.
The orc is engulfed in dark miasma.
The orc is poisoned.
You kill the orc!
Your magical contamination has completely faded away.
You hit something but do no damage. You block something's attack.
Something hits you.
* * * LOW HITPOINT WARNING * * *
You miss something.
You hear some strange, mumbled words.
You are confused.
Something hits you but does no damage.
You bump into the rock wall.
You hear some strange, mumbled words.
A magic dart appears from out of thin air!
The magic dart hits you.
* * * LOW HITPOINT WARNING * * *
You miss something. Something hits you.
* * * LOW HITPOINT WARNING * * *
Something hits you.
You die...

######## ##...<.###
#....... #....... .
##.###### ###......#
#. #...## ........
#.#.###.#### #.....#
... #..... #.....
###.###.###.
######..#########.[.##
#.
.......{@)..^...##<##
#. ######.)#######.
#.# #. #..# #.# #.
#>.# #.#####. #..#
#....... #..# ########
.######..# #
.........## #
..........# #.# #


There were no monsters in sight!

Vanquished Creatures
  An adder (D:2)
  3 dart slugs
  A ribbon worm (D:2)
  3 orcs (D:3)
  7 endoplasms
  2 giant cockroaches
  5 goblins
  3 hobgoblins (D:2)
  A quokka (D:2)
  5 ball pythons
  4 bats
  2 frilled lizards (D:2)
  2 kobolds (D:1)
  5 rats
44 creatures vanquished.

Notes
Turn   | Place    | Note
-------+----------+-------------------------------------------
     0 | D:1      | CaptainMV the Demonspawn Wanderer began the quest for the
                  | Orb.
     0 | D:1      | CaptainMV set off with the following items: a +0 dagger, a
                  | +0 scale mail, a potion of curing, a +2 buckler; and the
                  | following spell memorised: Sting; and the following spells
                  | available to memorise: Mephitic Cloud.
     0 | D:1      | Reached XP level 1. HP: 13/13 MP: 2/2
   283 | D:1      | Gained mutation: You are partially covered in sharp spines.
                  | [demonic ancestry]
   283 | D:1      | Reached XP level 2. HP: 19/19 MP: 0/3
   432 | D:1      | Reached skill level 5 in Armour
   619 | D:2      | Gained mutation: You may rarely emit foul miasma when
                  | damaged in melee. [demonic ancestry]
   619 | D:2      | Reached XP level 3. HP: 24/24 MP: 2/4
  1222 | D:3      | Reached skill level 1 in Stealth
  1271 | D:3      | Slain by an orc wizard

Illustrated notes

Levels and vault maps discovered:
D:1:      dpeg_cavernosity, layout_rooms
D:2:      layout_basic, serial_curves, eino_curves_01, eino_curves_04,
          eino_curves_03, grunt_decor_fettered
D:3:      layout_loops_ring, kennysheep_ying_yang

Skill      XL: |  1  2  3 |
---------------+----------+-----
Armour         | 5 |  5.2
Stealth        | 1 |  1.0
Fighting       | |  0.9
Short Blades   | |  0.4
Dodging        | |  0.1
Shields        | |  2.9
Spellcasting   | |  1.0
Conjurations   | |  0.4
Alchemy        | |  1.1

Action                     || total
---------------------------++-------
  Melee: Dagger            ||   113
   Fire: Sling             ||     2
   Cast: Sting             ||    10
    Use: Scroll            ||     6
         Potion            ||     2
   Stab: Sleeping          ||     3
 Armour: Leather armour    ||    42
  Dodge: Dodged            ||    26
  Block: Buckler           ||    61
         Reflection        ||     4
